 Dungeon Crawl Stone Soup version 0.28.0-53-g5a82cb258f (webtiles) character file.

Game seed: 4636990104531354627

5 MisterFreud the Covert (level 1, 0/22 (23) HPs)
             Began as a Gnoll Delver on July 18, 2022.
             Slain by an ufetubus (2 damage)
             ... on level 5 of the Dungeon.
             The game lasted 00:00:32 (209 turns).

MisterFreud the Covert (Gnoll Delver)                Turns: 209, Time: 00:00:32

HP:   0/22 (23)     AC:  3    Str: 11    XL:     1   Next: 80%
MP:   1/1           EV: 13    Int:  9    God:
Gold: 0             SH:  0    Dex: 13    Spells: 0/0 levels left

rFire   . . .      SeeInvis .   a - +0 short sword
rCold   . . .      Faith    .   (no shield)
rNeg    . . .      Spirit   .   b - +0 leather armour
rPois   .          Reflect  .   (no helmet)
rElec   .          Harm     .   (no cloak)
rCorr   .          Rampage  .   (no gloves)
Will    .....                   (no boots)
Stlth   ++++......              (no amulet)
HPRegen 0.07/turn               (no ring)
MPRegen 0.07/turn               (no ring)

@: lightly drained
A: fangs 1, strong nose, distributed training
a: no special abilities


You were on level 5 of the Dungeon.
You visited 1 branch of the dungeon, and saw 2 of its levels.

Inventory:

Hand Weapons
 a - a +0 short sword (weapon)
Armour
 b - a +0 leather armour (worn)
Wands
 g - a wand of digging (3)
Scrolls
 c - a scroll of fog
 e - a scroll of fear
Potions
 f - a potion of haste


   Skills:
 + Level 6.4 Fighting
 + Level 4.4 Short Blades
 + Level 0.1 Long Blades
 + Level 0.1 Axes
 + Level 0.1 Maces & Flails
 + Level 0.1 Polearms
 + Level 0.1 Staves
 + Level 0.1 Slings
 + Level 0.1 Bows
 + Level 0.1 Crossbows
 + Level 0.1 Throwing
 + Level 0.1 Armour
 + Level 4.4 Dodging
 + Level 9.5 Stealth
 + Level 0.1 Shields
 + Level 0.1 Unarmed Combat
 + Level 0.1 Spellcasting
 + Level 0.1 Conjurations
 + Level 0.1 Hexes
 + Level 0.1 Summonings
 + Level 0.1 Necromancy
 + Level 0.1 Translocations
 + Level 0.1 Transmutations
 + Level 0.1 Fire Magic
 + Level 0.1 Ice Magic
 + Level 0.1 Air Magic
 + Level 0.1 Earth Magic
 + Level 0.1 Poison Magic
 + Level 0.2 Invocations
 + Level 0.1 Evocations


You couldn't memorise any spells.
You didn't know any spells.
Your spell library was empty.

Dungeon Overview and Level Annotations

Branches:
Dungeon (6/15)
 Temple: D:4-7

Altars:


Innate Abilities, Weirdness & Mutations

You have very sharp teeth.
Your uncanny sense of smell can sniff out nearby items.
Your experience applies equally to all skills.


Message History

You start resting.
HP restored.
A necrophage comes into view.
Found a ring mail.
An ogre and a white imp come into view.
You barely miss the necrophage.
The ogre shouts!
The necrophage barely misses you.
The white imp shouts!
You hit the necrophage.
The necrophage is lightly damaged.
The necrophage closely misses you.
As you read the scroll of magic mapping, it crumbles to dust.
You feel aware of your surroundings.
You sensed 2 altars.
The necrophage hits you.
You feel drained.
An ogre opens the door.
An ufetubus comes into view.
You hit the ufetubus but do no damage. Your bite misses the ufetubus.
The ufetubus barely misses you. x2; The necrophage closely misses you.
The ufetubus hits you. The ufetubus closely misses you.
The ufetubus closely misses you. The ufetubus hits you. The ufetubus hits you.
The ufetubus closely misses you. The ufetubus hits you.
* * * LOW HITPOINT WARNING * * *
The ufetubus closely misses you.
The ufetubus hits you but does no damage.
The ufetubus closely misses you.
The white imp shouts, "Get thee hence, thou foppish clay-brained guttersnipe!"
The ufetubus hits you.
* * * LOW HITPOINT WARNING * * *
The ufetubus misses you. The ufetubus closely misses you.
The ufetubus hits you but does no damage.
The ufetubus closely misses you. The ufetubus completely misses you.
The ufetubus hits you.
* * * LOW HITPOINT WARNING * * *
The ufetubus barely misses you.
An adder comes into view.
The ufetubus misses you. The ufetubus barely misses you.
The ufetubus hits you but does no damage.
The ufetubus hits you.
You die...

*,*,***,,,*,,,,^.####*,,,,,∆,****
*,*,,,,,,,,,***,.....#+#,,,*+###,
*,*******,*,* *,.......#####...#*
*,* *,*,* *******#.......#,,+ *,*
*,*,* #######.###..##*** *,*
*,*∆* #.....5.# #..# *,* *,*,*
#n####### ##.## ## *,* *,*,*
#5#,,* #O5###O *,* *,*,* #@#,,*
##.#... *,*******,*,* #.#,,***
#...## *,,,,,,,,,,,* #S#,,,,*
##### *********,*** #.#*,*,* *
*,* #.#*,*,* * *,* #.#*,*,* * *,*
#.#*,*,* * *,* #.#*,*,* * *,*
*,**,*,*


You could see a necrophage, an adder (asleep) and an ufetubus.

Vanquished Creatures
  An ufetubus (D:5)
1 creature vanquished.

Notes
Turn   | Place    | Note
-------+----------+-------------------------------------------
     0 | D:5      | Reached skill level 9 in Stealth
     0 | D:5      | MisterFreud the Gnoll Delver began the quest for the Orb.
     0 | D:5      | Reached XP level 1. HP: 23/23 MP: 1/1
     1 | D:6      | Noticed a phantom
     1 | D:6      | Noticed a hound
     1 | D:6      | Noticed an orc wizard
   165 | D:5      | Noticed a necrophage
   168 | D:5      | Noticed an ogre
   209 | D:5      | Slain by an ufetubus

Illustrated notes

Levels and vault maps discovered:
D:5:      nicolae_cairo_tiling_very_big, layout_basic, vehumet_altar_wand_db,
          old_standard_altar, amcnicky_mini_pool_medium
D:6:      layout_rooms, chequers_temple_overflow_statue_of_worship

Skill      XL: | |
---------------+-+-----
Stealth        | |  9.5
Fighting       | |  6.4
Short Blades   | |  4.4
Long Blades    | |  0.1
Axes           | |  0.1
Maces & Flails | |  0.1
Polearms       | |  0.1
Staves         | |  0.1
Slings         | |  0.1
Bows           | |  0.1
Crossbows      | |  0.1
Throwing       | |  0.1
Armour         | |  0.1
Dodging        | |  4.4
Shields        | |  0.1
Unarmed Combat | |  0.1
Spellcasting   | |  0.1
Conjurations   | |  0.1
Hexes          | |  0.1
Summonings     | |  0.1
Necromancy     | |  0.1
Translocations | |  0.1
Transmutations | |  0.1
Fire Magic     | |  0.1
Ice Magic      | |  0.1
Air Magic      | |  0.1
Earth Magic    | |  0.1
Poison Magic   | |  0.1
Invocations    | |  0.2
Evocations     | |  0.1

Action                   || total
-------------------------++-------
Melee: Short sword       ||     7
  Use: Scroll            ||     1
Armor: Leather armour    ||     4
Dodge: Dodged            ||    20
